 Dungeon Crawl Stone Soup version 0.29-a0-330-g52719c12eb (webtiles) character file.

Game seed: 18164582977290720343

295 Crownlay the Firebug (level 6, -2/44 HPs)
             Began as a Gnoll Fire Elementalist on May 3, 2022.
             Slain by an orc
             ... wielding a +0 flail
              (7 damage)
             ... on level 3 of the Dungeon.
             The game lasted 00:05:46 (3705 turns).

Crownlay the Firebug (Gnoll Fire Elementalist)      Turns: 3705, Time: 00:05:47

Health: -2/44      AC:  2    Str:  7    XL:     6   Next: 34%
Magic:  10/14      EV: 13    Int: 16    God:
Gold:   9          SH:  0    Dex: 13    Spells: 5/15 levels left

rFire   . . .      SeeInvis .   c - +0 long sword
rCold   . . .      Faith    .   (no shield)
rNeg    . . .      Spirit   .   a - +0 robe
rPois   .          Reflect  .   (no helmet)
rElec   .          Harm     .   (no cloak)
rCorr   .          Rampage  .   (no gloves)
Will    .....                   (no boots)
Stlth   +++.......              (no amulet)
HPRegen 0.14/turn               i - ring of wizardry
MPRegen 0.14/turn               (no ring)

@: no status effects
A: fangs 1, strong nose, distributed training
a: no special abilities


You were on level 3 of the Dungeon.
You visited 1 branch of the dungeon, and saw 3 of its levels.

You collected 101 gold pieces.
You spent 92 gold pieces at shops.

Inventory:

Hand Weapons
 c - a +0 long sword (weapon)
Armour
 a - a +0 robe (worn)
Jewellery
 i - a ring of wizardry (left hand)
Wands
 k - a wand of flame (22)
Scrolls
 f - a scroll of silence {unknown}
 g - a scroll of teleportation {unknown}
 h - a scroll of blinking {unknown}
 l - a scroll of torment {unknown}
 m - a scroll of holy word {unknown}
 n - a scroll of identify
 o - a scroll of magic mapping
Potions
 b - a potion of magic
 d - a potion of curing
 e - 2 potions of might {unknown}
 j - a potion of flight {unknown}


   Skills:
 + Level 1.9 Fighting
 + Level 1.9 Short Blades
 + Level 1.9 Long Blades
 + Level 1.9 Axes
 + Level 1.9 Maces & Flails
 + Level 1.9 Polearms
 + Level 1.9 Staves
 + Level 1.9 Slings
 + Level 1.9 Bows
 + Level 1.9 Crossbows
 + Level 1.9 Throwing
 + Level 1.9 Armour
 + Level 5.0 Dodging
 + Level 4.6 Stealth
 + Level 1.9 Shields
 + Level 1.9 Unarmed Combat
 + Level 5.3 Spellcasting
 + Level 2.6 Conjurations
 + Level 1.5 Hexes
 + Level 1.5 Summonings
 + Level 1.5 Necromancy
 + Level 1.5 Translocations
 + Level 1.5 Transmutations
 + Level 5.6 Fire Magic
 + Level 1.5 Ice Magic
 + Level 1.5 Air Magic
 + Level 1.5 Earth Magic
 + Level 1.5 Poison Magic
 + Level 2.1 Invocations
 + Level 1.9 Evocations


You had 5 spell levels left.
You knew the following spells:

 Your Spells              Type           Power      Damage    Failure   Level
a - Foxfire               Conj/Fire      68%        2x1d7     1%          1
b - Scorch                Fire           44%        2d7       1%          2
c - Inner Flame           Hex/Fire       15%        N/A       4%          3
d - Flame Wave            Conj/Fire      17%        2d6       11%         4

Your spell library contained the following spells:

 Spells                   Type           Power      Damage    Failure   Level
 Slow                     Hex            36%        N/A       3%          1
 Conjure Flame            Conj/Fire      17%        6-21      3%          3
 Confusing Touch          Hex            9%         N/A       10%         3
 Vampiric Draining        Necr           9%         2d6       10%         3


Dungeon Overview and Level Annotations

Branches:
Dungeon (3/15)

Altars:
Nemelex Xobeh

Shops:
D:1 ?   D:3 :*


Innate Abilities, Weirdness & Mutations

You have very sharp teeth.
Your uncanny sense of smell can sniff out nearby items.
Your experience applies equally to all skills.


Message History

You feel better. Something hits you.
* * * LOW HITPOINT WARNING * * *
The orc barely misses you.
You closely miss something. Your bite misses something.
Something barely misses you. The orc completely misses you.
You barely miss something. Something hits you but does no damage.
The orc barely misses you. x2; Something barely misses you.
You hit something. Something hits you but does no damage.
The orc hits you with a +0 whip.
* * * LOW HITPOINT WARNING * * *
You barely miss something.
You hear some strange, mumbled words.
A magic dart appears from out of thin air!
The magic dart hits you.
* * * LOW HITPOINT WARNING * * *
The orc closely misses you.
Casting: Foxfire (safe; 1% risk of failure)
Confirm with . or Enter, or press ? or * to list all spells.
Okay, then.
You feel better. Something barely misses you. The orc hits you with a +0 whip.
* * * LOW HITPOINT WARNING * * *
You feel better. Something hits you.
* * * LOW HITPOINT WARNING * * *
The orc barely misses you.
Casting: Foxfire (safe; 1% risk of failure)
Confirm with . or Enter, or press ? or * to list all spells.
Flames lash something.
Reactivating autopickup.
You feel a bit more experienced.
Your Dodging skill increases to level 5!
Casting: Scorch (safe; 1% risk of failure)
Confirm with . or Enter, or press ? or * to list all spells.
Flames lash the orc.
The orc is almost dead.
The orc's fire resistance burns away.
The orc barely misses you. The orc closely misses you.
You hit the orc.
You kill the orc!
The orc hits you with a +0 flail!
You die...

#>#.........#..#
#..# #####...#.#..#
...# ......#.#..#
#.## ##.###>......#
...........ยง##
........#.######...
##.######.#.)......
.#......#o####...
.........)@#
####.####### #


You could see an orc.

Vanquished Creatures
  An iguana (D:2)
  Jessica (D:2)
  Ijyb (D:3)
  Natasha (thrice) (D:2)
  2 orc wizards (D:3)
  2 adders
  3 dart slugs
  2 orcs (D:3)
  3 bats (D:2)
  4 endoplasms
  4 giant cockroaches
  4 goblins
  9 hobgoblins
  8 jackals
  5 kobolds
  3 quokkas
  3 ball pythons
  7 frilled lizards
  5 rats
70 creatures vanquished.

Vanquished Creatures (others)
  240 foxfires
240 creatures vanquished.

Grand Total: 310 creatures vanquished

Notes
Turn   | Place    | Note
-------+----------+-------------------------------------------
     0 | D:1      | Crownlay the Gnoll Fire Elementalist began the quest for
                  | the Orb.
     0 | D:1      | Reached XP level 1. HP: 13/13 MP: 6/6
   199 | D:1      | Reached XP level 2. HP: 19/19 MP: 1/7
   298 | D:1      | Learned a level 2 spell: Scorch
   583 | D:1      | Found Coufiurgh's Magic Scroll Shoppe.
   635 | D:1      | Bought a scroll of identify for 26 gold pieces
  1184 | D:1      | Reached XP level 3. HP: 25/25 MP: 2/9
  1307 | D:1      | Reached skill level 5 in Spellcasting
  1433 | D:1      | Learned a level 3 spell: Inner Flame
  2049 | D:2      | Reached skill level 1 in Invocations
  2189 | D:2      | Reached skill level 1 in Fighting
  2189 | D:2      | Reached skill level 1 in Short Blades
  2189 | D:2      | Reached skill level 1 in Long Blades
  2189 | D:2      | Reached skill level 1 in Axes
  2189 | D:2      | Reached skill level 1 in Maces & Flails
  2189 | D:2      | Reached skill level 1 in Polearms
  2189 | D:2      | Reached skill level 1 in Staves
  2189 | D:2      | Reached skill level 1 in Slings
  2189 | D:2      | Reached skill level 1 in Bows
  2189 | D:2      | Reached skill level 1 in Crossbows
  2189 | D:2      | Reached skill level 1 in Throwing
  2189 | D:2      | Reached skill level 1 in Armour
  2189 | D:2      | Reached skill level 1 in Shields
  2189 | D:2      | Reached skill level 1 in Unarmed Combat
  2189 | D:2      | Reached skill level 1 in Evocations
  2222 | D:2      | Noticed Jessica
  2227 | D:2      | Reached XP level 4. HP: 32/32 MP: 6/11
  2232 | D:2      | Killed Jessica
  2317 | D:2      | Reached skill level 1 in Hexes
  2317 | D:2      | Reached skill level 1 in Summonings
  2317 | D:2      | Reached skill level 1 in Necromancy
  2317 | D:2      | Reached skill level 1 in Translocations
  2317 | D:2      | Reached skill level 1 in Transmutations
  2317 | D:2      | Reached skill level 1 in Ice Magic
  2317 | D:2      | Reached skill level 1 in Air Magic
  2317 | D:2      | Reached skill level 1 in Earth Magic
  2317 | D:2      | Reached skill level 1 in Poison Magic
  2535 | D:2      | Learned a level 4 spell: Flame Wave
  2561 | D:2      | Found a sparkling altar of Nemelex Xobeh.
  2767 | D:2      | Noticed Natasha
  2773 | D:2      | Killed Natasha
  2774 | D:2      | Reached XP level 5. HP: 37/37 MP: 2/12
  3008 | D:2      | Noticed Natasha
  3013 | D:2      | Killed Natasha
  3172 | D:2      | Noticed Natasha
  3175 | D:2      | Killed Natasha
  3255 | D:3      | Noticed Ijyb
  3267 | D:3      | Killed Ijyb
  3268 | D:3      | Reached XP level 6. HP: 19/44 MP: 1/13
  3489 | D:3      | Found Lioxzoef's Book Shoppe.
  3561 | D:3      | Found Mucvob's General Store.
  3567 | D:3      | Bought a scroll of identify for 24 gold pieces
  3567 | D:3      | Bought a scroll of magic mapping for 42 gold pieces
  3695 | D:3      | HP: 1/44 [orc/+0 whip (4)]
  3700 | D:3      | HP: 1/44 [something/magic dart (4)]
  3704 | D:3      | Reached skill level 5 in Dodging
  3705 | D:3      | Slain by an orc

Illustrated notes

Levels and vault maps discovered:
D:1:      mrwooster_arrival_statue, layout_basic, serial_shops, shop_scrolls
D:2:      layout_rooms, basic_altar, minmay_misc_feat_rows, minmay_statues_item,
          minmay_between, uniq_jessica, uniq_natasha
D:3:      wander_river, layout_loops_ring, ashenzari_conservatory_becter,
          serial_shops, shop, shop, shop, shop, uniq_ijyb

Skill      XL: |  1  2  3  4  5  6 |
---------------+-------------------+-----
Conjurations   | 2 |  2.6
Spellcasting   | 5 |  5.3
Invocations    | 1 2 |  2.1
Fighting       | 1 |  1.9
Short Blades   | 1 |  1.9
Long Blades    | 1 |  1.9
Axes           | 1 |  1.9
Maces & Flails | 1 |  1.9
Polearms       | 1 |  1.9
Staves         | 1 |  1.9
Slings         | 1 |  1.9
Bows           | 1 |  1.9
Crossbows      | 1 |  1.9
Throwing       | 1 |  1.9
Armour         | 1 |  1.9
Shields        | 1 |  1.9
Unarmed Combat | 1 |  1.9
Evocations     | 1 |  1.9
Hexes          | 1 |  1.5
Summonings     | 1 |  1.5
Necromancy     | 1 |  1.5
Translocations | 1 |  1.5
Transmutations | 1 |  1.5
Ice Magic      | 1 |  1.5
Air Magic      | 1 |  1.5
Earth Magic    | 1 |  1.5
Poison Magic   | 1 |  1.5
Dodging        | 5 |  5.0
Stealth        | |  4.6
Fire Magic     | |  5.6

Action                   |  1- 3 |  4- 6 || total
-------------------------+-------+-------++-------
Melee: Long sword        |    23 |    23 ||    46
       Bite              |     1 |       ||     1
 Cast: Foxfire           |    89 |    63 ||   152
       Inner Flame       |       |     2 ||     2
       Scorch            |       |     7 ||     7
  Use: Scroll            |     2 |       ||     2
       Potion            |       |     3 ||     3
Armor: Robe              |     7 |     7 ||    14
Dodge: Dodged            |    27 |    30 ||    57

Table legend: (Time is in decaauts)
 A = Elapsed time spent in this place.
 B = Non-inter-level travel time spent in this place.
 C = Inter-level travel time spent in this place.
 D = Time resting spent in this place.
 E = Time spent auto-exploring this place.
 F = Levels seen in this place.
 G = Mean time per level.
                   A        B        C        D        E       F      G
               +--------+--------+--------+--------+--------+-----+--------+
         Total |   3736 |   3500 |    236 |      0 |   3066 |   3 | 1245.3 |
       Dungeon |   3736 |   3500 |    236 |      0 |   3066 |   3 | 1245.3 |
               +--------+--------+--------+--------+--------+-----+--------+

Top non-repeatable levels by time:
     D:1: 1963 daAuts
     D:2: 1252 daAuts
     D:3: 520 daAuts
